 Dungeon Crawl Stone Soup version 0.20.1-1-g8b1a95d (webtiles) character file.

133511 Jazqa the Peltast (level 17, -1/160 HPs)
             Began as a Hill Orc Fighter on Oct 29, 2017.
             Was the Champion of the Shining One.
             Succumbed to a hornet's poison
             ... on level 1 of the Spider Nest on Oct 30, 2017.
             The game lasted 01:14:17 (31321 turns).

Jazqa the Peltast (Hill Orc Fighter)               Turns: 31321, Time: 01:14:18

Health: -1/160     AC: 21    Str: 29    XL:     17   Next: 15%
Magic:  17/27      EV:  9    Int:  6    God:    the Shining One [******]
Gold:   2215       SH: 30    Dex: 16    Spells: 16/16 levels left

rFire    + . .     SeeInvis .   R - +5 trishula (holy)
rCold    . . .     Gourm    .   G - +2 shield
rNeg     + + +     Faith    .   y - +1 chain mail {MR+}
rPois    .         Spirit   .   T - +2 helmet of the Arcane {Str+4}
rElec    .         Reflect  .   A - scarf {cloud immunity}
rCorr    .         Harm     .   D - +0 pair of gloves
MR       ++...                  E - +0 pair of boots "Ystryask" {rN++ Int-2 Slay+2}
Stlth    ..........             g - amulet of regeneration
Regen    0.8/turn               F - ring of protection from fire
MPRegen  0.2/turn               x - +5 ring of dexterity

@: lethally poisoned (-1 -> -13), divine shield, very slightly contaminated,
glowing, studying Shields
A: deterioration 1
a: Divine Shield, Cleansing Flame, Summon Divine Warrior, Renounce Religion


You were on level 1 of the Spider Nest.
You worshipped the Shining One.
The Shining One was exalted by your worship.
You were hungry.

You visited 5 branches of the dungeon, and saw 28 of its levels.
You also visited: Labyrinth.

You collected 2537 gold pieces.
You spent 322 gold pieces at shops.


Innate Abilities, Weirdness & Mutations

Your body sometimes deteriorates upon taking damage.


   Skills:
 + Level 16.7 Fighting
 + Level 15.3 Polearms
 + Level 15.0 Armour
 + Level 17.1 Shields
 + Level 14.5 Invocations


You had 16 spell levels left.
You didn't know any spells.

Inventory:

Hand Weapons
 R - a +5 trishula of holy wrath (weapon)
Armour
 y - a +1 chain mail of magic resistance (worn)
 A - a scarf of cloud immunity (worn)
 D - a +0 pair of gloves (worn)
 E - the +0 pair of boots "Ystryask" (worn) {rN++ Int-2 Slay+2}
   (You found it on level 9 of the Dungeon)

   It affects your intelligence (-2).
   It affects your accuracy and damage with ranged weapons and melee attacks
   (+2).
   It greatly protects you from negative energy.
 G - a +2 shield (worn)
 T - the +2 helmet of the Arcane (worn) {Str+4}
   (You found it on level 2 of the Lair of Beasts)

   It affects your strength (+4).
Jewellery
 g - an amulet of regeneration (around neck)
 v - an uncursed ring of see invisible
 x - a +5 ring of dexterity (right hand)
 F - a ring of protection from fire (left hand)
 L - an uncursed ring of flight
Wands
 l - a wand of iceblast (14/15)
Scrolls
 a - 5 scrolls of magic mapping
 b - 11 scrolls of amnesia
 c - a scroll of vulnerability {!r}
 i - a scroll of brand weapon
 m - 3 scrolls of enchant armour
 o - 3 scrolls of fear
 p - 13 scrolls of remove curse {@r2}
 t - 2 scrolls of fog
 z - 4 scrolls of immolation {!r}
 K - 4 scrolls of recharging
 O - 3 scrolls of identify {@r1}
 Q - 3 scrolls of blinking
 U - 8 scrolls of teleportation {@r4}
Potions
 d - 3 potions of cancellation
 e - 4 potions of lignification {!q}
 n - 5 potions of mutation {!q}
 q - 3 potions of flight
 s - 5 potions of curing {@q1}
 u - 4 potions of resistance
 w - 3 potions of haste {@q3}
 B - 2 potions of agility
 I - a potion of ambrosia
 J - a potion of berserk rage {!q}
 N - 2 potions of brilliance
 S - a potion of might
 X - 3 potions of magic
Books
 H - a manual of Shields {!d}
 P - a book of the Earth

   Spells                             Type                      Level
   a - Leda's Liquefaction            Hexes/Earth                  4
   b - Bolt of Magma                  Conjuration/Fire/Earth       5
   c - Statue Form                    Transmutation/Earth          6
   d - Iron Shot                      Conjuration/Earth            6
   e - Shatter                        Earth                        9
Comestibles
 f - 14 bread rations {@e1}
 r - 2 royal jellies {@e3}
 V - 10 fruits {@e2}
 W - a meat ration {@e1}

Dungeon Overview and Level Annotations

Branches:
Dungeon (14/15)            Temple (0/1) D:6            Lair (6/6) D:11
 Shoals (4/4) Lair:3       Spider (2/4) Lair:3        Slime (0/5) Lair:6
    Orc (2/2) D:10            Elf (0/3) Orc:2        Vaults (0/5) D:14

Altars:
Ashenzari
Cheibriados
Dithmenos
Elyvilon
Hepliaklqana
Nemelex Xobeh
Okawaru
Qazlal
Xom
Zin
The Shining One
Beogh
Jiyva

Shops:
D:9 [   Orc:2 ?(!}

Portals:
Pandemonium: Orc:2

Annotations:
Lair:6 1 runed door

..≈≈........#####...#........##
...###...##≈###........)...≈#####
.....≈...#.###.........#.######.#
#....#≈....≈.##.##...#.....# #...
#.....#≈#..#..#..#........#####..
###...#≈.^....#.......#######....
.......≈.[....#.............#....
.......###....#[.....#.........#.
....#....#(...#.@.####..........#
##.##...................###.#≈#.≈
...#..........#..#........###.#≈≈
##.(......#...#....#......≈....##
......#.......^..........##.#....
......######...........>.#..^....
..........^.....ys..####.........
..##...........s§s............#..
..#..........#..ss....^.......##≈


You could see 2 wolf spiders, a hornet and a redback.


Message History

* * * LOW HITPOINT WARNING * * *
The wolf spider hits you but does no damage.
The wolf spider bites you but does no damage.
The redback bites you but does no damage.
The wolf spider hits you.
* * * LOW HITPOINT WARNING * * *
The wolf spider bites you.
* * * LOW HITPOINT WARNING * * *
The tarantella closely misses your angel.
Your angel hits the tarantella with a whip of holy wrath!
The tarantella dies!
The wolf spider hits you but does no damage.
You block the wolf spider's attack. The hornet barely misses you.
The demonic crawler barely misses you. The demonic crawler misses you.
The demonic crawler hits you.
* * * LOW HITPOINT WARNING * * *
You block the wolf spider's attack.
The wolf spider bites you but does no damage.
The redback bites you but does no damage.
The wolf spider hits you!
* * * LOW HITPOINT WARNING * * *
The wolf spider bites you but does no damage.
Drop what? 45/52 slots (_ for help) (? for menu, Esc to quit)
Okay, then.
Okay, then.
Blink to where?
Press: ? - help, Dir - move target cursor You are very lightly contaminated with residual magic.
As you read the scroll of blinking, it crumbles to dust.
You die...

Skill      XL: |  1  2  3  4  5  6  7  8  9 10 11 12 13 14 15 16 17 |
---------------+----------------------------------------------------+-----
Fighting       | 4 5 6 7 8 9 10 11 12 13 14 15 16 | 16.7
Polearms       | 3 4 5 6 7 8 9 10 11 12 13 14 15 | 15.3
Invocations    | 3 4 6 7 8 10 11 13 14 | 14.5
Armour         | 4 5 6 8 10 11 12 13 14 15 | 15.0
Shields        | 4 5 6 8 10 11 12 13 15 16 17 | 17.1

Action                   |  1- 3 |  4- 6 |  7- 9 | 10-12 | 13-15 | 16-18 || total
-------------------------+-------+-------+-------+-------+-------+-------++-------
Melee: Trident           |   147 |   114 |   318 |   824 |  1541 |   473 ||  3417
       Spear             |       |   276 |       |       |       |       ||   276
       Trishula          |       |       |       |       |       |   211 ||   211
Invok: Divine Shield     |       |       |       |     8 |     9 |     5 ||    22
       Cleansing Flame   |       |       |       |       |     4 |     2 ||     6
       Summon Divine War |       |       |       |       |       |     2 ||     2
       Brand Weapon With |       |       |       |       |       |     1 ||     1
Evoke: Wand              |       |       |       |     7 |       |       ||     7
       Phantom mirror    |       |       |       |       |       |     1 ||     1
  Use: Scroll            |    10 |     4 |     6 |     2 |    19 |     4 ||    45
       Potion            |       |     4 |     2 |     2 |     2 |     3 ||    13
  Eat: Chunk             |     1 |     4 |    12 |    14 |    22 |    15 ||    68
       Royal jelly       |       |     1 |       |       |     2 |       ||     3
       Meat ration       |       |     1 |       |     4 |     2 |       ||     7
Armor: Scale mail        |    50 |   151 |    92 |       |       |       ||   293
       Chain mail        |       |       |    15 |   198 |   415 |   272 ||   900
       Plate armour      |       |       |       |       |     9 |       ||     9
Dodge: Dodged            |    38 |   117 |    65 |   120 |   215 |   157 ||   712
Block: Shield            |    47 |   233 |   147 |   472 |   920 |   444 ||  2263

Vault maps used:
D:1:      saegor_arrival_simple_c, serial_bayou_pond_a,
          minmay_misc_feat_pillars, minmay_tetromino_i4
D:2:      minmay_crystal_room, grunt_dithmenos_smoke
D:3:      lemuel_doored_altar
D:4:      doesnt_xom_only_xom, uniq_blork_the_orc, uniq_pikel
D:5:      lemuel_round_altar, first_bread, basic_altar
D:6:      ashenzari_conservatory_becter, temple_hall_moat, minivault_19
D:7:      gammafunk_temple_overflow_elements
D:8:      nicolae_overflow_hidden_temple, grunt_ogre_cave, grunt_ministairs_11,
          uniq_erica, uniq_joseph, uniq_grum
D:9:      nemelex_xobeh_ov_fountains_minmay, serial_shops,
          nicolae_shop_statue_plus
D:10:     hiddenorc2_lemuel
D:11:     dpeg_oklobed_lair
D:13:     lab_entry_generic, uniq_erolcha
D:14:     david_vaults_3, basic_altar, kennysheep_another_room,
          nicolae_blasting_shop
Lair:1:   beast_lair_carwin_large_2, basic_altar, infiniplex_staircase_pool
Lair:3:   minmay_shoals_entry_centaurs, spider_nest_entry_rubble,
          serial_bayou_shore_a, serial_bayou_shore_b, uniq_snorg, uniq_sonja
Lair:4:   st_stairs_12, infiniplex_staircase_pool_2, serial_bayou_shore_b
Lair:6:   evilmike_catoblepas_cave, slime_altar_2, uniq_nessos
Shoals:3: nicolae_shoals_drake_roost
Shoals:4: shoals_end_hangedman, shoal_ilsuiw
Spider:1: portal_ice_cave_entry_frozen_things, spider_trap
Orc:1:    lemuel_statue_altar
Orc:2:    pf_orc_diabolical
Lab:      labyrinth_watery

Notes
Turn   | Place    | Note
-------+----------+-------------------------------------------
     0 | D:1      | Jazqa the Hill Orc Fighter began the quest for the Orb.
     0 | D:1      | Reached XP level 1. HP: 19/19 MP: 1/1
    60 | D:1      | Reached skill level 4 in Fighting
    60 | D:1      | Reached XP level 2. HP: 27/27 MP: 2/2
   255 | D:1      | Reached skill level 3 in Polearms
   255 | D:1      | Reached XP level 3. HP: 33/33 MP: 3/3
   765 | D:2      | Found a shadowy altar of Dithmenos.
  1077 | D:2      | Reached XP level 4. HP: 31/41 MP: 4/4
  1942 | D:3      | Noticed letownia2's ghost (weakling DDNe)
  2024 | D:2      | Reached skill level 5 in Fighting
  2742 | D:2      | Reached skill level 4 in Polearms
  3060 | D:3      | Reached XP level 5. HP: 12/48 MP: 5/5
  3225 | D:4      | Noticed a slave
  3227 | D:4      | Noticed Pikel
  3480 | D:3      | Killed letownia2's ghost
  3665 | D:3      | Reached skill level 6 in Fighting
  4026 | D:3      | Reached skill level 5 in Polearms
  4026 | D:3      | Reached XP level 6. HP: 49/57 MP: 6/6
  4056 | D:3      | Found a glowing golden altar of the Shining One.
  4211 | D:3      | Became a worshipper of the Shining One
  4242 | D:4      | Noticed Blork the orc
  4249 | D:4      | Killed Blork the orc
  4548 | D:4      | Reached skill level 7 in Fighting
  4548 | D:4      | Reached XP level 7. HP: 44/66 MP: 7/7
  4679 | D:4      | HP: 5/66 [phantom (6)]
  4680 | D:4      | Reached skill level 1 in Invocations
  5026 | D:4      | Killed Pikel
  5026 | D:4      | Reached skill level 6 in Polearms
  5026 | D:4      | Reached skill level 4 in Armour
  5026 | D:4      | Reached skill level 4 in Shields
  5026 | D:4      | Reached skill level 3 in Invocations
  5026 | D:4      | Reached XP level 8. HP: 32/74 MP: 7/10
  5337 | D:4      | Found a glowing golden altar of the Shining One.
  5339 | D:4      | Found a snail-covered altar of Cheibriados.
  5339 | D:4      | Found a basalt altar of Yredelemnul.
  5341 | D:4      | Found a shimmering altar of Xom.
  5341 | D:4      | Found an opulent altar of Gozag.
  5341 | D:4      | Found a shimmering altar of Xom.
  5562 | D:5      | Entered Level 5 of the Dungeon
  5666 | D:5      | Reached skill level 8 in Fighting
  5778 | D:5      | Found a hazy altar of Hepliaklqana.
  5799 | D:5      | Reached skill level 4 in Invocations
  5923 | D:5      | Found an iron altar of Okawaru.
  6010 | D:5      | Reached * piety under the Shining One
  6015 | D:5      | Reached skill level 5 in Shields
  6134 | D:6      | Reached skill level 7 in Polearms
  6141 | D:6      | Reached skill level 5 in Armour
  6408 | D:6      | Reached XP level 9. HP: 66/82 MP: 12/12
  6621 | D:6      | Reached skill level 5 in Invocations
  6858 | D:6      | Found a shattered altar of Ashenzari.
  7100 | D:6      | Reached skill level 6 in Armour
  7130 | D:6      | Reached skill level 6 in Shields
  7130 | D:6      | Reached skill level 6 in Invocations
  7445 | D:6      | Found a staircase to the Ecumenical Temple.
  7621 | D:7      | Reached skill level 9 in Fighting
  7796 | D:7      | Reached skill level 8 in Polearms
  7814 | D:7      | Found a shadowy altar of Dithmenos.
  7814 | D:7      | Found a stormy altar of Qazlal.
  8217 | D:7      | Reached XP level 10. HP: 91/91 MP: 15/15
  8248 | D:7      | Reached ** piety under the Shining One
  8456 | D:8      | Reached skill level 7 in Invocations
  8498 | D:8      | Noticed Krapule's ghost (novice GrFi)
  8537 | D:8      | Killed Krapule's ghost
  8537 | D:8      | Reached skill level 7 in Armour
  8537 | D:8      | Reached skill level 7 in Shields
  8766 | D:8      | Noticed Erica
  8791 | D:8      | Reached skill level 10 in Fighting
  9205 | D:8      | Noticed Grum
  9224 | D:8      | Killed Grum
  9645 | D:8      | Killed Erica
  9645 | D:8      | Reached skill level 9 in Polearms
  9645 | D:8      | Reached skill level 8 in Armour
  9791 | D:8      | Found a white marble altar of Elyvilon.
  9817 | D:8      | Noticed Joseph
  9824 | D:8      | Reached skill level 8 in Shields
  9837 | D:8      | Killed Joseph
 10340 | D:9      | Reached XP level 11. HP: 101/101 MP: 2/16
 10709 | D:9      | Found Xatuw's Armour Shoppe.
 10721 | D:9      | Bought a +2 helmet of see invisible for 322 gold pieces
 10740 | D:9      | Got a pair of shimmering boots
 11036 | D:9      | Found a sparkling altar of Nemelex Xobeh.
 11290 | D:10     | Entered Level 10 of the Dungeon
 11310 | D:9      | Reached skill level 11 in Fighting
 11329 | D:9      | Identified the +0 pair of boots "Ystryask" {rN++ Int-2 Slay+2} (You found it on level 9 of the Dungeon)
 11505 | D:10     | Reached *** piety under the Shining One
 11527 | D:10     | Found a staircase to the Orcish Mines.
 12148 | D:11     | Noticed a manticore
 12159 | D:11     | Killed a manticore
 12159 | D:11     | Reached skill level 9 in Armour
 12159 | D:11     | Reached skill level 9 in Shields
 12432 | D:11     | Reached skill level 10 in Polearms
 12884 | D:11     | Found a staircase to the Lair.
 12884 | D:11     | Noticed an oklob plant
 12890 | D:11     | Noticed an oklob plant
 12891 | D:11     | Noticed an oklob plant
 12928 | D:11     | Killed an oklob plant
 13034 | D:11     | Killed an oklob plant
 13463 | D:11     | Paralysed by a floating eye for 2 turns
 13528 | D:11     | Noticed an unseen horror
 13536 | D:11     | Killed an unseen horror
 13841 | D:11     | Killed an oklob plant
 13862 | Lair:1   | Entered Level 1 of the Lair of Beasts
 13868 | Lair:1   | Reached **** piety under the Shining One
 13870 | Lair:1   | Noticed an eight-headed hydra
 13960 | D:11     | Reached skill level 10 in Armour
 14314 | D:11     | Killed an eight-headed hydra
 14314 | D:11     | Reached skill level 10 in Shields
 14314 | D:11     | Reached XP level 12. HP: 43/112 MP: 13/17
 14317 | D:11     | Reached skill level 12 in Fighting
 14803 | Lair:1   | Reached skill level 11 in Polearms
 15098 | Lair:1   | Found a glowing silver altar of Zin.
 15904 | Lair:2   | Got a pitted helmet
 15915 | Lair:2   | Identified the +2 helmet of the Arcane {Str+4} (You found it on level 2 of the Lair of Beasts)
 16230 | Lair:2   | Reached skill level 11 in Shields
 16653 | Lair:3   | Reached skill level 11 in Armour
 16662 | Lair:3   | Reached skill level 8 in Invocations
 16723 | Lair:3   | Noticed a six-headed hydra
 16738 | Lair:3   | Killed a six-headed hydra
 16866 | Lair:3   | Reached XP level 13. HP: 104/119 MP: 19/19
 16874 | Lair:3   | Found a staircase to the Shoals.
 17128 | Lair:3   | Reached skill level 13 in Fighting
 17248 | Lair:3   | Found a hole to the Spider Nest.
 17265 | Lair:3   | Noticed Snorg
 17277 | Lair:3   | Killed Snorg
 17277 | Lair:3   | Reached skill level 9 in Invocations
 17329 | Lair:3   | Reached skill level 12 in Polearms
 17388 | Lair:3   | Noticed Sonja
 18774 | Lair:5   | Reached skill level 12 in Shields
 18804 | Lair:5   | Identified 4 potions of resistance
 19354 | Lair:6   | Entered Level 6 of the Lair of Beasts
 19493 | Lair:6   | Reached skill level 10 in Invocations
 19528 | Lair:6   | Reached skill level 12 in Armour
 19746 | Lair:6   | Identified the Tome of the Twisted Rocks
 19770 | Lair:6   | Reached XP level 14. HP: 130/130 MP: 21/21
 19926 | Lair:6   | Noticed Nessos
 19954 | Lair:6   | Killed Nessos
 19954 | Lair:6   | Reached skill level 14 in Fighting
 20126 | Lair:6   | Reached skill level 13 in Polearms
 20260 | Lair:6   | Reached skill level 11 in Invocations
 20321 | Lair:6   | Noticed letownia2's ghost (journeyman DDNe)
 20343 | Lair:6   | Killed letownia2's ghost
 20464 | Lair:6   | Noticed flt's ghost (journeyman OpAs)
 20518 | Lair:6   | Killed flt's ghost
 21009 | Lair:6   | Found a runed door.
 21010 | Lair:6   | Found a viscous altar of Jiyva.
 21018 | Lair:6   | Noticed an acid blob
 21019 | Lair:6   | Found a staircase to the Slime Pits.
 21019 | Lair:6   | Noticed an acid blob
 21442 | Orc:1    | Entered Level 1 of the Orcish Mines
 21463 | Orc:1    | Reached skill level 13 in Shields
 22041 | Orc:1    | Found a roughly hewn altar of Beogh.
 22134 | Orc:2    | Entered Level 2 of the Orcish Mines
 22385 | Orc:2    | Reached skill level 13 in Armour
 22522 | Orc:2    | Found Sosen's Distillery.
 22526 | Orc:2    | Reached ***** piety under the Shining One
 22703 | Orc:2    | Found a staircase to the Elven Halls.
 22805 | Orc:2    | Found Asuenut's Magic Scroll Shoppe.
 23007 | Orc:2    | Gained mutation: Your body sometimes deteriorates upon taking damage. [a neqoxec]
 23033 | Orc:2    | Reached XP level 15. HP: 86/139 MP: 23/23
 23065 | Orc:2    | Reached skill level 12 in Invocations
 23087 | Orc:2    | Reached skill level 15 in Fighting
 23185 | Orc:2    | Reached skill level 14 in Shields
 23209 | Orc:2    | Found Nuten's Antique Weapon Boutique.
 23209 | Orc:2    | Found Xageiq's Gadget Shop.
 23209 | Orc:2    | Found a one-way gate leading to the halls of Pandemonium.
 24735 | D:13     | Found a labyrinth entrance.
 24740 | D:13     | Noticed Erolcha
 24743 | Lab      | Entered a labyrinth
 25474 | Lab      | Identified Poavah's Almanac of Toxins and Flames
 25477 | Lab      | Identified a scroll of acquirement
 25510 | D:13     | Killed Erolcha
 25586 | D:13     | Reached skill level 14 in Polearms
 26024 | D:14     | Found a gate to the Vaults.
 26024 | D:14     | Reached ****** piety under the Shining One
 26351 | Shoals:1 | Entered Level 1 of the Shoals
 26529 | Shoals:1 | You fall through a shaft!
 26534 | Shoals:2 | Reached skill level 15 in Shields
 26827 | Shoals:1 | Reached skill level 13 in Invocations
 26876 | Shoals:1 | Reached skill level 14 in Armour
 26929 | Shoals:1 | Reached XP level 16. HP: 142/150 MP: 25/25
 27416 | Shoals:2 | Reached skill level 16 in Fighting
 28735 | Shoals:3 | Reached skill level 16 in Shields
 29497 | Shoals:3 | Reached skill level 14 in Invocations
 29657 | Shoals:3 | Identified a +4 trishula of holy wrath (a +2 demon trident of freezing blessed by the Shining One)
 29657 | Shoals:3 | Received a gift from the Shining One
 29784 | Shoals:4 | Entered Level 4 of the Shoals
 29804 | Shoals:4 | Reached skill level 15 in Polearms
 29931 | Spider:1 | Entered Level 1 of the Spider Nest
 29938 | Spider:1 | Noticed mortelune's ghost (journeyman MiBe)
 29980 | Lair:3   | Killed Sonja
 30127 | Spider:1 | Killed mortelune's ghost
 30146 | Spider:1 | Got a dazzling quarterstaff
 30432 | Spider:1 | Reached XP level 17. HP: 118/160 MP: 27/27
 30438 | Spider:1 | Reached skill level 17 in Shields
 31070 | Spider:1 | Reached skill level 15 in Armour
 31318 | Spider:1 | Paralysed by a hornet for 2 turns
 31320 | Spider:1 | HP: 15/160 [demonic crawler (4)]
 31320 | Spider:1 | HP: 2/160 [wolf spider (13)]
 31321 | Spider:1 | Succumbed to a hornet's poison

Vanquished Creatures
  The ghost of letownia2 the Severer, a journeyman DDNe of Gozag (Lair:6)
  Nessos (Lair:6)
  Snorg (Lair:3)
  A merfolk javelineer (Shoals:2)
  The ghost of flt the Unseen, a journeyman OpAs of Cheibriados (Lair:6)
  A minotaur (Lab)
  5 merfolk impalers
  Erolcha (D:13)
  8 hydras
  Erica (D:8)
  A death knight (D:13)
  2 merfolk avatars
  3 catoblepae (Lair:6)
  2 merfolk aquamancers
  2 two-headed ogres
  2 alligator snapping turtles
  3 satyrs
  7 death yaks (Lair:6)
  6 orc high priests
  The ghost of Krapule the Skirmisher, a novice GrFi of Qazlal (D:8)
  Sonja (Lair:3)
  An unseen horror (D:11)
  An infernal demonspawn (Orc:2)
  10 sea snakes
  A gelid demonspawn (Orc:2)
  7 orc knights
  Pikel (D:4)
  17 harpies
  2 phantasmal warriors (D:13)
  A deep elf mage (D:13)
  3 oklob plants (D:11)
  5 orb spiders (Spider:1)
  A cyclops (Orc:2)
  4 wolf spiders
  8 orc sorcerers
  10 fauns
  9 manticores
  10 merfolk sirens
  6 elephants (Lair:4)
  Joseph (D:8)
  3 black mambas
  A water nymph (Shoals:2)
  2 gargoyles
  A centaur skeleton (D:12)
  A smoke demon (Orc:2)
  13 spiny frogs
  2 kobold demonologists (D:12)
  7 rime drakes
  2 freezing wraiths (Spider:1)
  6 komodo dragons
  3 demonic crawlers (Spider:1)
  A red devil (Orc:2)
  An ice devil (Orc:2)
  17 jumping spiders (Spider:1)
  3 polar bears
  12 merfolk
  3 wind drakes (Shoals:3)
  9 blink frogs
  4 trolls
  11 dream sheep
  9 snapping turtles
  11 hippogriffs
  3 wraiths
  2 shadows
  3 water elementals (Shoals:1)
  2 wyverns (D:13)
  32 yaks
  17 redbacks
  6 humans (D:13)
  8 tarantellas
  A vampire (D:12)
  3 basilisks
  2 chaos spawn (Orc:2)
  3 steam dragons
  Grum (D:8)
  A hungry ghost (D:13)
  A neqoxec (Orc:2)
  A soldier ant (D:13)
  4 wargs
  6 vampire mosquitoes
  An acid dragon (D:12)
  A floating eye (shapeshifter) (D:11)
  10 porcupines
  2 sky beasts
  17 water moccasins
  32 orc warriors
  3 slaves (D:4)
  3 black bears
  An eye of draining (D:9)
  9 ogres
  7 ice beasts
  13 wolves
  12 centaurs
  A phantom (D:4)
  16 crocodiles
  Blork the orc (D:4)
  22 bullfrogs
  A gnoll sergeant (D:9)
  5 scorpions
  12 killer bees
  3 wights
  The ghost of letownia2 the Grave Robber, a weakling DDNe (D:3)
  2 howler monkeys (D:12)
  5 electric eels
  2 centaur zombies
  A lava snake (Lair:3)
  7 crimson imps
  A quasit (D:7)
  A bullfrog zombie (D:13)
  6 hounds
  30 orc priests
  4 jellies
  3 bullfrog skeletons
  5 iguanas
  11 worker ants
  15 orc wizards
  A hound zombie (D:9)
  2 hound skeletons
  2 worker ant zombies
  4 gnolls (D:9)
  17 adders
  A shadow imp (D:13)
  An ooze (D:4)
  2 adder skeletons
  5 worms
  A dart slug (D:1)
  7 leopard geckos
  120 orcs
  A ball python (D:1)
  9 giant cockroaches
  6 goblins
  6 hobgoblins
  21 jackals
  5 quokkas
  4 bats
  6 frilled lizards
  2 jackal skeletons
  12 kobolds
  A leopard gecko skeleton (D:5)
  A quokka skeleton (D:6)
  7 rats
  5 plants
882 creatures vanquished.

Vanquished Creatures (collateral kills)
  The ghost of mortelune the Severer, a journeyman MiBe of Trog (Spider:1)
  A jumping spider (Spider:1)
  3 tarantellas (Spider:1)
  2 redbacks (Spider:1)
7 creatures vanquished.

Vanquished Creatures (others)
  6 plants
6 creatures vanquished.

Grand Total: 895 creatures vanquished
